 Dungeon Crawl Stone Soup version 0.30-a0-591-g3c58d2bc28 (webtiles) character file.

Game seed: 4446045194047724735

11630 mandoloar the Protected (level 11, 0/99 HPs)
             Began as a Minotaur Fighter on Jan 5, 2023.
             Was an Elder of Okawaru.
             Slain by Sonja
             ... wielding a +1 short sword of distortion
              (2 damage)
             ... on level 10 of the Dungeon on Jan 6, 2023.
             The game lasted 00:37:11 (15097 turns).

mandoloar the Protected (Minotaur Fighter)         Turns: 15097, Time: 00:37:11

Health: 0/99       AC: 17    Str: 26    XL:     11   Next: 51%
Magic:  10/10      EV: 10    Int:  5    God:    Okawaru [****..]
Gold:   703        SH:  6    Dex: 11    Spells: 10/10 levels left

rFire   + . .      SeeInvis .    a - +1 broad axe (vamp)
rCold   + . .      Faith    .    c - +0 buckler
rNeg    . . .      Spirit   .    k - +1 plate armour of Tettehuc {Will+ Dex+2 Stlth+}
rPois   .          Reflect  .    (helmet restricted)
rElec   .          Harm     .    e - scarf {rC+ rF+}
rCorr   .          Rampage  .    (no gloves)
Will    +....                    o - +0 pair of boots Stlth
                                 (no amulet)
HPRegen 0.36/turn                A - ring of flight
MPRegen 0.12/turn                (no ring)

@: lethally poisoned (0 -> -2), flying, slowed, very slow
A: horns 2, retaliatory headbutt
a: Renounce Religion, Heroism, Finesse


You were on level 10 of the Dungeon.
You worshipped Okawaru.
Okawaru was greatly pleased with you.
You visited 3 branches of the dungeon, and saw 13 of its levels.

You collected 703 gold pieces.

Inventory:

Hand Weapons
 a - a +1 vampiric broad axe (weapon)
 b - the +5 hand axe of the Messenger {venom, rC+ rCorr Str-5}
   (You found it on level 10 of the Dungeon)

   Str:       It affects your strength (-5).
   rC:        It protects you from cold.
   rCorr:     It protects you from acid and corrosion.
 F - a +4 hand axe of freezing
Missiles
 g - 91 stones (quivered)
 h - 2 datura-tipped darts
 p - 57 poisoned darts
Armour
 c - a +0 buckler (worn)
 e - a scarf of resistance (worn)
 k - the +1 plate armour of Tettehuc (worn) {Will+ Dex+2 Stlth+}
   (You found it on level 4 of the Dungeon)

   Dex:       It affects your dexterity (+2).
   Will:      It increases your willpower.
   Stlth:     It makes you more stealthy.
 o - a +0 pair of boots (worn)
 r - a scarf of harm
Jewellery
 A - a ring of flight (left hand)
 I - an amulet of the acrobat
Wands
 s - a wand of charming (10)
 u - a wand of flame (24)
 C - a wand of mindburst (22)
 D - a wand of roots (9)
Scrolls
 n - a scroll of teleportation
 q - 2 scrolls of blinking
 t - 2 scrolls of amnesia
 x - a scroll of immolation {unknown}
 y - a scroll of silence {unknown}
 z - a scroll of acquirement {unknown}
 B - a scroll of fear
 E - a scroll of enchant armour {unknown}
 G - 2 scrolls of enchant weapon {unknown}
 H - 2 scrolls of identify
Potions
 d - a potion of might
 f - 2 potions of attraction
 i - a potion of brilliance
 j - 4 potions of curing
 l - a potion of ambrosia
 m - a potion of lignification
 v - a potion of invisibility
 w - 2 potions of cancellation


   Skills:
 + Level 10.0 Fighting
 + Level 9.7 Axes
 + Level 10.2 Armour
 + Level 8.4 Dodging
 - Level 5.5 Stealth
 + Level 10.0 Shields


You had 10 spell levels left.
You didn't know any spells.
Your spell library contained the following spells:

 Spells                   Type           Power      Damage    Failure   Level
 Freeze                   Ice            0%         1d3       99%         1
 Blink                    Tloc           0%         N/A       100%        2
 Cigotuvi's Dreadful Rot  Necr/Pois/Air  0%         N/A       100%        2
 Ensorcelled Hibernation  Hex/Ice        0%         N/A       100%        2
 Momentum Strike          Conj/Tloc      0%         3d8       100%        2
 Poisonous Vapours        Pois/Air       0%         N/A       100%        2
 Frozen Ramparts          Ice            0%         1d1       100%        3
 Hailstorm                Conj/Ice       0%         3d3       100%        3
 Lesser Beckoning         Tloc           0%         N/A       100%        3
 Mephitic Cloud           Conj/Pois/Air  0%         N/A       100%        3
 Spider Form              Tmut/Pois      0%         N/A       100%        3
 Anguish                  Hex/Necr       0%         N/A       100%        4
 Storm Form               Tmut/Air       0%         N/A       100%        7
 Borgnjor's Revivificati  Necr           0%         N/A       100%        8
 Maxwell's Capacitive Co  Air            0%         ∞         100%        8
 Necromutation            Tmut/Necr      0%         N/A       100%        8
 Death's Door             Necr           0%         N/A       100%        9
 Summon Lightning Spire   Summ/Air       Unusable   N/A       N/A         4

Dungeon Overview and Level Annotations

Branches:
Dungeon (11/15)            Temple (1/1) D:6            Lair (1/5) D:8
    Orc (0/2) D:11

Altars:
Ashenzari
Cheibriados
Dithmenos
Elyvilon
Fedhas
Gozag
Hepliaklqana
Kikubaaqudgha
Makhleb
Nemelex Xobeh
Okawaru
Qazlal
Ru
Sif Muna
Trog
Uskayaw
Vehumet
Wu Jian
Xom
Yredelemnul
Zin
The Shining One

Shops:
D:4 (!(

Annotations:
D:10 Sonja
D:11 2 transporters, sirJeffrey23's ghost, journeyman DECj
Temple 2 transporters


Innate Abilities, Weirdness & Mutations

You have a pair of horns on your head.
You reflexively headbutt those who attack you in melee.


Message History

There is an open door here.
You see here a +1 dagger of venom.
You barely miss Sonja. Your headbutt misses Sonja.
Sonja hits you with a +1 short sword of distortion.
Space warps around you. Sonja hits you but does no damage.
Space warps around you. You block Sonja's attack. Sonja barely misses you.
Sonja hits you but does no damage.
You blink.
Sonja mumbles some strange words.
Sonja blinks!
Sonja throws a curare-tipped dart.
The curare-tipped dart hits you.
You are poisoned.
You have difficulty breathing.
You feel as though you will be slow longer.
You see here a +0 whip.
You feel very sick.
Sonja hits you with a +1 short sword of distortion.
Space warps around you! Sonja closely misses you.
Sonja hits you but does no damage.
Sonja casts a spell.
Sonja blinks!
You are too injured to fight recklessly!
You are too injured to fight recklessly!
You are too injured to fight recklessly!
You feel sick.
Sonja hits you with a +1 short sword of distortion.
Space warps horribly around you!
* * * LOW HITPOINT WARNING * * *
Sonja hits you but does no damage. Space warps around you.
* * * LOW HITPOINT WARNING * * *
Sonja barely misses you. Sonja hits you but does no damage.
Space warps around you.
* * * LOW HITPOINT WARNING * * *
Sonja barely misses you. Sonja misses you.
You see here a +0 whip.
You miss Sonja. Your headbutt misses Sonja.
You feel sick. Sonja hits you but does no damage. Space warps around you.
* * * LOW HITPOINT WARNING * * *
You block Sonja's attack.
Sonja hits you with a +1 short sword of distortion.
You die...

########## ##############
#......... #............###
#......... #............).##
#.........
#............#).###...[.....
#..........K.##[.##.........
#..........@.###.##.........
#............# #..[.........
#............# ####.........
#............# #.........
#............# #.........
##########'### #.........
###.# ######'### ##...#
####)# #..### #..[.#


You could see Sonja.

Vanquished Creatures
  A two-headed ogre (D:11)
  2 boulder beetles (D:11)
  A manticore (D:11)
  3 unseen horrors
  A cane toad (Lair:1)
  A hornet (D:8)
  A troll (D:10)
  Sigmund (D:5)
  A vampire (D:10)
  3 shadows
  A wraith (D:11)
  A wyvern (D:9)
  20 yaks
  2 steam dragons
  An acid dragon (D:10)
  2 water moccasins
  3 orc warriors
  2 black bears
  2 ice beasts
  3 centaurs
  An ogre (D:5)
  2 phantoms
  5 bullfrogs
  5 kobold brigands
  A gnoll sergeant (D:9)
  5 wights (D:9)
  5 howler monkeys
  A quasit (D:6)
  4 hounds
  2 jellies
  8 orc priests
  2 gnoll boudas
  3 iguanas
  16 orc wizards
  8 adders
  10 gnolls
  A shadow imp (D:4)
  3 white imps
  An ufetubus (D:6)
  3 worms
  4 dart slugs (D:1)
  42 orcs
  6 bats
  6 endoplasms
  4 giant cockroaches
  5 goblins
  6 hobgoblins
  3 jackals (D:1)
  6 quokkas
  7 ball pythons
  7 frilled lizards
  31 kobolds
  7 rats
272 creatures vanquished.

Vanquished Creatures (others)
  2 demonic plants (D:6)
  A fungus (D:11)
3 creatures vanquished.

Grand Total: 275 creatures vanquished

Notes
Turn   | Place    | Note
-------+----------+-------------------------------------------
     0 | D:1      | mandoloar the Minotaur Fighter began the quest for the Orb.
     0 | D:1      | Reached XP level 1. HP: 19/19 MP: 0/0
   418 | D:1      | Reached XP level 2. HP: 26/27 MP: 1/1
   712 | D:1      | Found a faded altar of an unknown god.
   712 | D:1      | Noticed a shining eye
   715 | D:1      | Noticed a great orb of eyes
   716 | D:1      | Noticed a shining eye
   716 | D:1      | Noticed a great orb of eyes
   726 | D:1      | Reached skill level 1 in Dodging
   762 | D:1      | Reached XP level 3. HP: 33/33 MP: 2/2
  1169 | D:2      | Reached skill level 1 in Stealth
  1171 | D:2      | Identified the +1 robe of Masochism {Harm Regen+ Stlth+}
  1603 | D:2      | Reached XP level 4. HP: 36/40 MP: 3/3
  2495 | D:3      | Reached XP level 5. HP: 38/47 MP: 4/4
  3094 | D:3      | Found a radiant altar of Vehumet.
  3232 | D:4      | Identified the +1 plate armour of Tettehuc {Will+ Dex+2
                  | Stlth+}
  3486 | D:4      | Found Ufiggin's Distillery.
  3556 | D:4      | Found Xeaboffe's Antique Weapon Boutique.
  3783 | D:4      | Found a white marble altar of Elyvilon.
  3788 | D:4      | Found a shadowy altar of Dithmenos.
  3920 | D:4      | Noticed a black bear
  3925 | D:4      | Killed a black bear
  3926 | D:4      | Reached XP level 6. HP: 52/53 MP: 5/5
  4030 | D:4      | Found a bloodstained altar of Trog.
  4129 | D:4      | Found Dyfixt's Antique Weapon Emporium.
  4487 | D:5      | Entered Level 5 of the Dungeon
  4558 | D:5      | Reached skill level 5 in Shields
  4562 | D:5      | Reached skill level 5 in Fighting
  4562 | D:5      | Reached skill level 5 in Armour
  4562 | D:5      | Reached XP level 7. HP: 26/61 MP: 6/6
  4712 | D:5      | Noticed Sigmund
  4725 | D:5      | Killed Sigmund
  5014 | D:5      | Reached skill level 5 in Axes
  5159 | D:5      | Reached XP level 8. HP: 68/70 MP: 7/7
  6451 | D:6      | You fall into a shaft and drop 2 floors!
  6996 | D:7      | Reached XP level 9. HP: 78/78 MP: 8/8
  7203 | D:6      | Reached skill level 5 in Dodging
  7206 | D:6      | Found a staircase to the Ecumenical Temple.
  7247 | Temple   | Entered the Ecumenical Temple
  7247 | Temple   | Found a transporter.
  7247 | Temple   | Found a transporter.
  7249 | Temple   | Found a transporter.
  7249 | Temple   | Found a transporter.
  7279 | Temple   | Became a worshipper of Warmaster Okawaru
  9216 | D:8      | Paralysed by a hornet for 2 turns
  9225 | D:8      | Reached * piety under Okawaru
  9345 | D:8      | Found a staircase to the Lair.
  9383 | D:8      | Killed an unseen horror
  9384 | D:8      | Reached skill level 5 in Stealth
  9680 | D:8      | Found a stormy altar of Qazlal.
  9680 | D:8      | Found an ancient bone altar of Kikubaaqudgha.
 10053 | D:9      | Reached XP level 10. HP: 42/88 MP: 9/9
 10064 | D:9      | Reached ** piety under Okawaru
 11507 | D:9      | Found a hide-covered altar of Uskayaw.
 11526 | D:10     | Entered Level 10 of the Dungeon
 11577 | D:10     | Identified the +6 ring mail "Gorhiwus" {Int+4}
 11628 | D:10     | HP: 1/90 [something (13)]
 12055 | D:10     | Identified the +5 hand axe of the Messenger {venom, rC+
                  | rCorr Str-5}
 13117 | D:10     | Identified the +1 leather armour of Pidy {rElec rF- rCorr
                  | Dex+6}
 13357 | D:10     | Noticed Sonja
 13702 | Lair:1   | Entered Level 1 of the Lair of Beasts
 13702 | Lair:1   | Noticed a cane toad
 13706 | Lair:1   | Killed a cane toad
 13877 | D:11     | Noticed a boulder beetle
 13937 | D:11     | Killed a boulder beetle
 13938 | D:11     | Reached XP level 11. HP: 76/97 MP: 10/10
 14054 | D:11     | Reached *** piety under Okawaru
 14123 | D:11     | Found a staircase to the Orcish Mines.
 14129 | D:11     | Noticed a boulder beetle
 14164 | D:11     | Killed a boulder beetle
 14452 | D:11     | Noticed a two-headed ogre
 14466 | D:11     | Killed a two-headed ogre
 14508 | D:11     | Reached skill level 10 in Armour
 14511 | D:11     | Reached **** piety under Okawaru
 14608 | D:11     | Reached skill level 10 in Fighting
 14611 | D:11     | Reached skill level 10 in Shields
 14755 | D:11     | Found a transporter.
 14763 | D:11     | Noticed sirJeffrey23's ghost (journeyman DECj)
 14763 | D:11     | Noticed a two-headed ogre
 14764 | D:11     | Identified the +9 dire flail of Makhleb's Wrath {heavy,
                  | MP+9 Str+5}
 14764 | D:11     | Identified the +7 giant club of Dividends {flame, rCorr
                  | Int+3}
 14764 | D:11     | Noticed a two-headed ogre
 14764 | D:11     | Noticed a two-headed ogre
 14765 | D:11     | Noticed a two-headed ogre
 14770 | D:11     | Found a transporter.
 15097 | D:10     | HP: 2/99 [Sonja/+1 short sword of distortion (4)]
 15097 | D:10     | Slain by Sonja

Illustrated notes

Levels and vault maps discovered:
D:1:      minmay_arrival_widening_spiral_narrow, layout_loops_ring,
          hellmonk_ecumenical_altar_watching_god
D:2:      layout_basic, minmay_pentomino_t4
D:3:      layout_basic, mainiacjoe_overflow_alcove_2, kennysheep_pointless_box
D:4:      layout_basic, trog_butcher_becter, mainiacjoe_overflow_catwalk_spiral,
          serial_shops, nicolae_shop_hallway_plus, nicolae_shop_behind_doors,
          shop, chequers_serial_rivers_small_3
D:5:      cheibrodos_thug_alley, layout_loops_ring, uniq_sigmund
D:6:      layout_loops_ring, minmay_temple_entry_statues_fountains,
          serial_demonic, serial_demonic_d, serial_demonic_c, serial_demonic_b,
          serial_demonic_b
D:7:      layout_basic
D:8:      layout_basic, gammafunk_temple_overflow_pools, lair_entry_dummy
D:9:      layout_long_grid, kennysheep_mini, grunt_ministairs_15
D:10:     layout_roguey, uniq_sonja
D:11:     layout_cave_pools, orc_0_dummy, gammafunk_ghost_smash,
          kennysheep_nondescript, dreamdust_mushroom_princess
Temple:   hellmonk_temple_divided_pantheon
Lair:1:   layout_gridlike, hibernation_bobbens, grunt_megastairs_4

Skill      XL: |  1  2  3  4  5  6  7  8  9 10 11 |
---------------+----------------------------------+-----
Fighting       | 4 5 6 7 9 10 | 10.0
Dodging        | 1 2 3 4 6 7 8 |  8.4
Armour         | 4 5 6 8 9 10 | 10.2
Stealth        | 1 2 3 4 5 |  5.5
Shields        | 4 5 6 7 9 10 | 10.0
Axes           | 3 4 5 6 7 8 9 |  9.7

Action                   |  1- 3 |  4- 6 |  7- 9 | 10-12 || total
-------------------------+-------+-------+-------+-------++-------
Melee: War axe           |    70 |       |       |       ||    70
       Headbutt          |     9 |    17 |    60 |    73 ||   159
       Broad axe         |    20 |   121 |   325 |   321 ||   787
       Hand axe          |       |       |       |     6 ||     6
Throw: Stone             |       |     2 |    27 |    18 ||    47
Invok: Heroism           |       |       |       |    10 ||    10
  Use: Scroll            |     4 |     8 |     3 |     3 ||    18
       Potion            |       |       |     2 |     2 ||     4
Armor: Scale mail        |     9 |       |       |       ||     9
       Gold dragon scale |    63 |    46 |       |       ||   109
       Plate armour      |       |    44 |   199 |   241 ||   484
Dodge: Dodged            |    17 |    27 |   143 |   124 ||   311
Block: Buckler           |    19 |    26 |    80 |   108 ||   233

Table legend: (Time is in decaauts)
 A = Elapsed time spent in this place.
 B = Non-inter-level travel time spent in this place.
 C = Inter-level travel time spent in this place.
 D = Time resting spent in this place.
 E = Time spent auto-exploring this place.
 F = Levels seen in this place.
 G = Mean time per level.
                   A        B        C        D        E       F      G
               +--------+--------+--------+--------+--------+-----+--------+
         Total |  15444 |  14599 |    845 |   4998 |   6569 |  13 | 1188.0 |
       Dungeon |  15381 |  14548 |    833 |   4990 |   6563 |  11 | 1398.3 |
        Temple |     49 |     39 |     10 |      0 |      6 |   1 |   49.0 |
          Lair |     13 |     13 |      0 |      8 |      0 |   1 |   13.0 |
               +--------+--------+--------+--------+--------+-----+--------+

Top non-repeatable levels by time:
    D:10: 2242 daAuts
     D:8: 1663 daAuts
     D:9: 1609 daAuts
     D:7: 1591 daAuts
     D:4: 1291 daAuts
     D:5: 1260 daAuts
     D:6: 1243 daAuts
    D:11: 1185 daAuts
     D:3: 1157 daAuts
     D:1: 1094 daAuts
     D:2: 1039 daAuts
  Temple: 49 daAuts
  Lair:1: 13 daAuts
